 Dungeon Sprint DCSS version 0.25-a0-502-g6516661 (webtiles) character file.

Game seed: 10906210396203777142, levelgen mode: deterministic

403 Faca the Blocker (level 6, -7/56 HPs)
             Began as a Gnoll Fighter on Feb 12, 2020.
             Was a Follower of Okawaru.
             Mangled by a nine-headed hydra (12 damage)
             ... in the Dungeon (Sprint IX: "|||||||||||||||||||||||||||||").
             The game lasted 00:01:29 (383 turns).

Faca the Blocker (Gnoll Fighter)                     Turns: 383, Time: 00:01:30

Health: -7/56      AC: 18    Str: 21    XL:     6   Next: 86%
Magic:  13/13      EV:  9    Int: 10    God:    Okawaru [*.....]
Gold:   0          SH: 11    Dex: 14    Spells: 14/14 levels left

rFire    . . .     SeeInvis +   q - +14 obsidian axe {vorpal, +Fly SInv *Curse} (curse)
rCold    . . .     Gourm    .   c - +0 kite shield
rNeg     . . .     Faith    .   u - +1 chain mail
rPois    .         Spirit   .   (no helmet)
rElec    .         Reflect  .   t - +0 cloak
rCorr    .         Harm     .   (no gloves)
MR       .....     NoTele   +   s - +0 pair of boots
Stlth    ..........             (no amulet)
HPRegen  0.18/turn              w - +2 ring of protection
MPRegen  0.13/turn              v - +2 ring of protection

@: mesmerised
A: distributed training, fangs 1, strong nose
a: Heroism, Renounce Religion, Evoke Flight


You were in the Dungeon.
You worshipped Okawaru.
Okawaru was aware of your devotion.
You were not hungry.

You visited 1 branch

Inventory:

Hand Weapons
 a - a +0 long sword
 q - the cursed +14 obsidian axe (weapon) {vorpal, +Fly SInv *Curse}
   (You found it in the Dungeon)

   It inflicts extra damage upon your enemies.
   It lets you see invisible.
   It lets you fly.
   It curses itself when equipped.
   It has a curse placed upon it.
 r - a +2 scimitar of holy wrath
Armour
 c - a +0 kite shield (worn)
 s - a +0 pair of boots (worn)
 t - a +0 cloak (worn)
 u - a +1 chain mail (worn)
Jewellery
 v - a +2 ring of protection (right hand)
 w - a +2 ring of protection (left hand)
Wands
 p - a wand of iceblast (10)
Scrolls
 k - 2 scrolls of blinking
 n - 3 scrolls of remove curse
 o - 2 scrolls of amnesia
Potions
 d - a potion of might
 e - 5 potions of curing
 g - 3 potions of heal wounds
 h - a potion of haste
 i - 4 potions of magic
 j - a potion of berserk rage
 m - a potion of invisibility
Comestibles
 f - a ration


   Skills:
 + Level 8.2 Fighting
 + Level 4.9 Short Blades
 + Level 6.7 Long Blades
 + Level 4.9 Axes
 + Level 4.9 Maces & Flails
 + Level 4.9 Polearms
 + Level 4.9 Staves
 + Level 4.9 Slings
 + Level 4.9 Bows
 + Level 4.9 Crossbows
 + Level 4.9 Throwing
 + Level 8.2 Armour
 + Level 4.9 Dodging
 + Level 4.9 Stealth
 + Level 8.2 Shields
 + Level 4.9 Unarmed Combat
 + Level 4.9 Spellcasting
 + Level 4.0 Conjurations
 + Level 4.0 Hexes
 + Level 4.0 Charms
 + Level 4.0 Summonings
 + Level 4.0 Necromancy
 + Level 4.0 Translocations
 + Level 4.0 Transmutations
 + Level 4.0 Fire Magic
 + Level 4.0 Ice Magic
 + Level 4.0 Air Magic
 + Level 4.0 Earth Magic
 + Level 4.0 Poison Magic
 + Level 5.3 Invocations
 + Level 4.9 Evocations


You had 14 spell levels left.
You didn't know any spells.
Your spell library was empty.

Dungeon Overview and Level Annotations

Branches:
Dungeon (1/1)

Altars:
Cheibriados
Dithmenos
Elyvilon
Fedhas
Gozag
Hepliaklqana
Kikubaaqudgha
Makhleb
Nemelex Xobeh
Okawaru
Qazlal
Ru
Sif Muna
Trog
Uskayaw
Vehumet
Wu Jian
Xom
Yredelemnul
Zin
The Shining One
Beogh
Jiyva
Lugonu


Innate Abilities, Weirdness & Mutations

Your experience applies equally to all skills.
You have very sharp teeth.
Your uncanny sense of smell can sniff out nearby items.


Message History

The eight-headed hydra bites you!
The eight-headed hydra bites you but does no damage.
You slice one of the eight-headed hydra's heads off!
The seven-headed hydra grows two more!
You slice the nine-headed hydra!! You bite the nine-headed hydra.
The nine-headed hydra is almost dead.
The nine-headed hydra bites you.
You block the nine-headed hydra's attack.
The nine-headed hydra bites you. x2
The nine-headed hydra bites you but does no damage.
The nine-headed hydra bites you!
* * * LOW HITPOINT WARNING * * *
The nine-headed hydra bites you but does no damage. x2
The nine-headed hydra bites you!
* * * LOW HITPOINT WARNING * * *
The nine-headed hydra bites you.
* * * LOW HITPOINT WARNING * * *
The nine-headed hydra barely misses you.
The nine-headed hydra bites you!
You die...

▓▓▓▓▓▓▓▓▓▓▓▓▓▓▓▓▓▓▓▓▓▓▓▓
.Jh5JuD@.....†.[...)|..'
▓▓▓▓▓▓▓▓▓▓▓▓▓▓▓▓▓▓▓▓▓▓▓▓
∆∆∆∆ ∆ ∆∆∆∆


You could see a nine-headed hydra, a brown ugly thing, a slime creature, a
hound, a jelly and a crimson imp.

Vanquished Creatures
  A hungry ghost (D)
  A water moccasin (D)
  A sky beast (D)
  A jelly (D)
  A worker ant (D)
  An adder (D)
  2 adder zombies (D)
  A bat (D)
  A goblin (D)
  2 kobolds (D)
  A frilled lizard (D)
  2 giant cockroach zombies (D)
  A rat (D)
16 creatures vanquished.

Vanquished Creatures (others)
  A spatial maelstrom (D)
1 creature vanquished.

Grand Total: 17 creatures vanquished

Notes
Turn   | Place    | Note
-------+----------+-------------------------------------------
     0 | D        | Faca the Gnoll Fighter began the quest for the Orb.
     0 | D        | Reached XP level 1. HP: 23/23 MP: 1/1
     8 | D        | Reached skill level 1 in Invocations
     9 | D        | Banished a spatial maelstrom
    11 | D        | Reached skill level 1 in Short Blades
    11 | D        | Reached skill level 1 in Axes
    11 | D        | Reached skill level 1 in Maces & Flails
    11 | D        | Reached skill level 1 in Polearms
    11 | D        | Reached skill level 1 in Staves
    11 | D        | Reached skill level 1 in Slings
    11 | D        | Reached skill level 1 in Bows
    11 | D        | Reached skill level 1 in Crossbows
    11 | D        | Reached skill level 1 in Throwing
    11 | D        | Reached skill level 1 in Dodging
    11 | D        | Reached skill level 1 in Stealth
    11 | D        | Reached skill level 1 in Unarmed Combat
    11 | D        | Reached skill level 1 in Spellcasting
    11 | D        | Reached skill level 1 in Evocations
    16 | D        | Noticed a worker ant
    21 | D        | Reached XP level 2. HP: 29/29 MP: 3/3
    23 | D        | Reached skill level 1 in Conjurations
    23 | D        | Reached skill level 1 in Hexes
    23 | D        | Reached skill level 1 in Charms
    23 | D        | Reached skill level 1 in Summonings
    23 | D        | Reached skill level 1 in Necromancy
    23 | D        | Reached skill level 1 in Translocations
    23 | D        | Reached skill level 1 in Transmutations
    23 | D        | Reached skill level 1 in Fire Magic
    23 | D        | Reached skill level 1 in Ice Magic
    23 | D        | Reached skill level 1 in Air Magic
    23 | D        | Reached skill level 1 in Earth Magic
    23 | D        | Reached skill level 1 in Poison Magic
    23 | D        | Reached XP level 3. HP: 35/35 MP: 3/5
    26 | D        | Reached skill level 5 in Long Blades
   116 | D        | Found a roughly hewn altar of Beogh.
   116 | D        | Found a snail-covered altar of Cheibriados.
   116 | D        | Found a shadowy altar of Dithmenos.
   116 | D        | Found a white marble altar of Elyvilon.
   116 | D        | Found a blossoming altar of Fedhas.
   116 | D        | Found an opulent altar of Gozag.
   117 | D        | Found a hazy altar of Hepliaklqana.
   118 | D        | Found a viscous altar of Jiyva.
   119 | D        | Found an ancient bone altar of Kikubaaqudgha.
   120 | D        | Found a corrupted altar of Lugonu.
   121 | D        | Found a burning altar of Makhleb.
   122 | D        | Found a sparkling altar of Nemelex Xobeh.
   123 | D        | Found an iron altar of Okawaru.
   124 | D        | Found a stormy altar of Qazlal.
   125 | D        | Found a sacrificial altar of Ru.
   126 | D        | Found a shimmering blue altar of Sif Muna.
   127 | D        | Found a bloodstained altar of Trog.
   128 | D        | Found a hide-covered altar of Uskayaw.
   129 | D        | Found a radiant altar of Vehumet.
   130 | D        | Found an ornate altar of the Wu Jian Council.
   131 | D        | Found a shimmering altar of Xom.
   133 | D        | Became a worshipper of Warmaster Okawaru
   135 | D        | Found a basalt altar of Yredelemnul.
   136 | D        | Found a glowing silver altar of Zin.
   137 | D        | Found a glowing golden altar of the Shining One.
   154 | D        | Found the +14 obsidian axe {vorpal, +Fly SInv *Curse}
   191 | D        | Noticed a hungry ghost
   191 | D        | Noticed a sky beast
   191 | D        | Noticed a water moccasin
   193 | D        | Killed a water moccasin
   193 | D        | Reached XP level 4. HP: 25/43 MP: 7/9
   193 | D        | Reached XP level 5. HP: 28/48 MP: 7/10
   198 | D        | Killed a sky beast
   198 | D        | Reached * piety under Okawaru
   198 | D        | Reached XP level 6. HP: 30/56 MP: 7/12
   200 | D        | Killed a hungry ghost
   200 | D        | Reached skill level 5 in Invocations
   379 | D        | Noticed a slime creature
   379 | D        | Noticed a brown ugly thing
   379 | D        | Noticed a five-headed hydra
   383 | D        | Mangled by a nine-headed hydra

Levels and vault maps discovered:
D:        linesprint [early_d, line_temple, items_1, d_10, items_2, lair_1,
          lair_end, items_3, orc_1, orc_end, items_4, d_15, swamp_1, shoals_1,
          snake_1, spider_1, d_20, vaults_1, items_5, swamp_end, shoals_end,
          snake_end, spider_end, vaults_end, d_27, items_6, zot_1, zot_end,
          crypt_end, forest_end, elf_end, slime_end, tomb_end, abyss_end,
          pan_hell_end]

Skill      XL: |  1  2  3  4  5  6 |
---------------+-------------------+-----
Invocations    | 1 2 3 4 5 |  5.3
Short Blades   | 1 3 4 |  4.9
Axes           | 1 3 4 |  4.9
Maces & Flails | 1 3 4 |  4.9
Polearms       | 1 3 4 |  4.9
Staves         | 1 3 4 |  4.9
Slings         | 1 3 4 |  4.9
Bows           | 1 3 4 |  4.9
Crossbows      | 1 3 4 |  4.9
Throwing       | 1 3 4 |  4.9
Dodging        | 1 3 4 |  4.9
Stealth        | 1 3 4 |  4.9
Unarmed Combat | 1 3 4 |  4.9
Spellcasting   | 1 3 4 |  4.9
Evocations     | 1 3 4 |  4.9
Conjurations   | 1 2 3 4 |  4.0
Hexes          | 1 2 3 4 |  4.0
Charms         | 1 2 3 4 |  4.0
Summonings     | 1 2 3 4 |  4.0
Necromancy     | 1 2 3 4 |  4.0
Translocations | 1 2 3 4 |  4.0
Transmutations | 1 2 3 4 |  4.0
Fire Magic     | 1 2 3 4 |  4.0
Ice Magic      | 1 2 3 4 |  4.0
Air Magic      | 1 2 3 4 |  4.0
Earth Magic    | 1 2 3 4 |  4.0
Poison Magic   | 1 2 3 4 |  4.0
Long Blades    | 5 6 |  6.7
Fighting       | 7 8 |  8.2
Armour         | 7 8 |  8.2
Shields        | 7 8 |  8.2

Action                   |  1- 3 |  4- 6 || total
-------------------------+-------+-------++-------
Melee: Long sword        |    22 |       ||    22
       Bite              |     2 |     3 ||     5
       Broad axe         |     2 |    17 ||    19
Armor: Scale mail        |     8 |       ||     8
       Chain mail        |       |    23 ||    23
Dodge: Dodged            |     5 |     9 ||    14
Block: Kite shield       |    11 |     8 ||    19
       Rpst.: Long sword |     3 |       ||     3

Table legend:
 A = Non-vault XP
 B = Vault XP
 C = Vault XP percentage of total XP
 D = Non-vault monster count
 E = Vault monster count
 F = Vault count percentage of total count
                 A         B        C        D         E       F
            +---------+---------+-------+---------+---------+-------
      Total |       0 |     576 | 100.0 |       0 |      16 | 100.0
            +---------+---------+-------+---------+---------+-------
          D |       0 |     576 | 100.0 |       0 |      16 | 100.0
            +---------+---------+-------+---------+---------+-------
